 Dungeon Crawl Stone Soup version 0.28-b1-1-g3c77fb2ed1 (webtiles) character file.

Game seed: 14521665329252930411

20 McKennaii the Conjurer (level 2, -8/20 HPs)
             Began as a Demigod Conjurer on Jan 28, 2022.
             Mangled by Terence (11 damage)
             ... on level 2 of the Dungeon.
             The game lasted 00:01:32 (1186 turns).

McKennaii the Conjurer (Demigod Conjurer)           Turns: 1186, Time: 00:01:33

Health: -8/20      AC:  2    Str:  8    XL:     2   Next: 42%
Magic:  0/7        EV: 12    Int: 20    God:
Gold:   30         SH:  0    Dex: 12    Spells: 2/5 levels left

rFire   . . .      SeeInvis .   (no weapon)
rCold   . . .      Faith    .   (no shield)
rNeg    . . .      Spirit   .   a - +0 robe
rPois   .          Reflect  .   (no helmet)
rElec   .          Harm     .   (no cloak)
rCorr   .          Rampage  .   (no gloves)
Will    .....                   (no boots)
Stlth   ++........              (no amulet)
HPRegen 0.06/turn               (no ring)
MPRegen 0.10/turn               (no ring)

@: no status effects
A: high mp 1, forlorn, divine attributes
a: no special abilities


You were on level 2 of the Dungeon.
You visited 1 branch of the dungeon, and saw 2 of its levels.

You collected 30 gold pieces.

Inventory:

Armour
 a - a +0 robe (worn)
Scrolls
 d - a scroll of amnesia {unknown}
 e - a scroll of magic mapping {unknown}
 f - a scroll of enchant armour {unknown}
Potions
 b - a potion of berserk rage {unknown}
 c - a potion of attraction {unknown}


   Skills:
 - Level 1.7 Dodging
 - Level 1.7 Stealth
 + Level 2.3 Spellcasting
 + Level 4.0 Conjurations


You had 2 spell levels left.
You knew the following spells:

 Your Spells              Type           Power      Damage    Failure   Level
a - Magic Dart            Conj           72%        1d6       3%          1
b - Searing Ray           Conj           36%        2d5       4%          2

Your spell library contained the following spells:

 Spells                   Type           Power      Damage    Failure   Level
 Corpse Rot               Necr/Air       4%         N/A       24%         2
 Poisonous Vapours        Pois/Air       4%         N/A       24%         2
 Dazzling Flash           Conj/Hex       20%        N/A       21%         3
 Fulminant Prism          Conj/Hex       5%         3d7       54%         4
 Iskenderun's Mystic Bla  Conj/Tloc      10%        2d4       54%         4


Dungeon Overview and Level Annotations

Branches:
Dungeon (2/15)

Annotations:
D:2 Sigmund, Terence


Innate Abilities, Weirdness & Mutations

You have an increased reservoir of magic. (+10% MP)
You shall have no god before yourself.
Your divine heritage dramatically boosts your attributes as you level up.


Message History

Confirm with . or Enter, or press ? or * to list all spells.
Aiming: Searing Ray (safe; 4% risk of failure)
Press: ? - help, Shift-Dir - straight line, f/p - Terence
Aim: Terence, wielding a +0 mace and wearing a +0 ring mail (severely wounded, 81% to hit)
The searing ray hits Terence.
Terence is almost dead. (Press . to maintain the ray.) Terence barely misses you.
Terence says, "How do you enjoy it?" Terence shouts, "Now you die!"
You barely miss Terence.
Terence is almost dead.
Terence completely misses you.
You hit Terence but do no damage.
Terence is almost dead.
Terence barely misses you.
You hit Terence but do no damage.
Terence is almost dead.
Terence hits you with a +0 mace.
You barely miss Terence.
Terence is severely wounded.
Terence hits you but does no damage.
You hit Terence but do no damage.
Terence is severely wounded.
Terence hits you with a +0 mace!
* * * LOW HITPOINT WARNING * * *
Casting: Searing Ray (safe; 4% risk of failure)
Confirm with . or Enter, or press ? or * to list all spells.
Aiming: Searing Ray (safe; 4% risk of failure)
Press: ? - help, Shift-Dir - straight line, f/p - Terence
Aim: Terence, wielding a +0 mace and wearing a +0 ring mail (severely wounded, 81% to hit)
The searing ray hits Terence.
Terence is almost dead. (Press . to maintain the ray.) Terence closely misses you.
You hit Terence but do no damage.
Terence is almost dead.
Terence hits you with a +0 mace!
Ouch! That really hurt!
You die...

#.....).....########
#...........########
#...................
#...........########
###.........#
#.........#
#....###### #@...#
#@...# ######


You could see Terence.

Vanquished Creatures
  An endoplasm (D:2)
  3 giant cockroaches
  2 goblins
  3 hobgoblins
  2 kobolds
  2 ball pythons
  4 bats
17 creatures vanquished.

Notes
Turn   | Place    | Note
-------+----------+-------------------------------------------
     0 | D:1      | McKennaii the Demigod Conjurer began the quest for the Orb.
     0 | D:1      | Reached XP level 1. HP: 14/14 MP: 5/5
   671 | D:2      | Noticed Sigmund
   903 | D:2      | Reached XP level 2. HP: 20/20 MP: 5/7
   907 | D:2      | Learned a level 2 spell: Searing Ray
  1067 | D:2      | Reached skill level 4 in Conjurations
  1162 | D:2      | Noticed Terence
  1186 | D:2      | Mangled by Terence

Illustrated notes

Levels and vault maps discovered:
D:1:      mrwooster_arrival_arrow, layout_basic
D:2:      layout_basic, serial_shops, shop, basic_altar, uniq_sigmund,
          uniq_terence, uniq_jessica

Skill      XL: |  1  2 |
---------------+-------+-----
Spellcasting   | 2 |  2.3
Conjurations   | 4 |  4.0
Dodging        | |  1.7
Stealth        | |  1.7

Action                   || total
-------------------------++-------
Melee: Unarmed           ||    17
 Cast: Magic Dart        ||    30
       Searing Ray       ||     3
Armor: Robe              ||     5
Dodge: Dodged            ||    12
